 Dungeon Crawl Stone Soup version 0.17-a0-1954-g0dddeaa (webtiles) character file.

349 gorblad the Covert (level 6, 0/48 HPs)
             Began as a Vampire Assassin on Oct 3, 2015.
             Killed by divine providence
             ... invoked by an orc priest
              (15 damage)
             ... on level 3 of the Dungeon.
             The game lasted 00:09:48 (2329 turns).

gorblad the Covert (Vampire Assassin)               Turns: 2329, Time: 00:09:48

Health: 0/48       AC:  7    Str: 15    XL:     6   Next: 33%
Magic:  6/6        EV: 12    Int: 13    God:
Gold:   172        SH:  0    Dex: 16    Spells: 0 memorised, 5 levels left

rFire  + . .     SeeInvis +     a - +2 dagger
rCold  + . .     Clarity  .     j - +0 leather armour
rNeg   . . .     SustAt   .     (no shield)
rPois  +         Gourm    .     (no helmet)
rElec  +         Spirit   .     d - +0 cloak
rCorr  +         Warding  .     r - +2 pair of gloves
rMut   .         Stasis   .     (no boots)
MR     .....                    (no amulet)
Stlth  +++++.....               (no ring)
                                (no ring)

@: mighty, resistant, regenerating quickly, not resistant to hostile
enchantments, quite stealthy
A: fangs 3, see invisible, clumsy 1, robust 1, spit poison 1, unbreathing
a: Spit Poison


You were on level 3 of the Dungeon.
You were very full.

You visited 1 branch of the dungeon, and saw 3 of its levels.

You collected 172 gold pieces.

Inventory:

Hand weapons
 a - a +2 dagger (weapon)
 b - a +0 blowgun
Missiles
 e - 34 poisoned needles
 f - 2 curare-tipped needles
Armour
 c - a +0 robe
 d - a +0 cloak (worn)
 j - a +0 leather armour (worn)
 k - a +0 chain mail
 p - a +0 plate armour
 r - a +2 pair of gloves (worn)
Jewellery
 u - an uncursed ring of ice {unknown}
 y - an uncursed amulet of resist corrosion {unknown}
Scrolls
 i - a scroll of teleportation {unknown}
 l - a scroll of remove curse {unknown}
 m - 2 scrolls of identify {unknown}
 n - 3 scrolls of magic mapping {unknown}
 q - a scroll of enchant weapon {unknown}
 s - a scroll of fog {unknown}
 v - a scroll of fear {unknown}
 w - a scroll of amnesia {unknown}
 x - a scroll of blinking {unknown}
Potions
 g - 6 potions of blood
 h - a potion of might
 t - a potion of mutation
 B - a potion of ambrosia {unknown}
 C - a potion of poison {unknown}


   Skills:
 + Level 2.2 Fighting
 + Level 2.8 Short Blades
 + Level 2.0 Throwing
 + Level 1.3 Armour
 + Level 2.3 Dodging
 + Level 9.8 Stealth


You had 5 spell levels left.
You didn't know any spells.

Dungeon Overview and Level Annotations

Branches:
Dungeon (3/15)

Altars:


Innate Abilities, Weirdness & Mutations

Your natural rate of healing is unusually fast.
You have razor-sharp teeth.
You have supernaturally acute eyesight.
You can survive without breathing.
You are clumsy. (Dex -2)
You are robust (+10% HP).
You can spit weak poison.


Message History

* * * LOW HITPOINT WARNING * * *
You hit the orc priest.
The orc priest is heavily wounded.
The orc priest calls upon Beogh to heal the orc priest.
The orc priest is healed somewhat.
The orc priest completely misses you.
Drink which item? (? for menu, Esc to quit)
It was a potion of curing.
You feel better. The orc priest closely misses you.
Drink which item? (? for menu, Esc to quit)
Okay, then.
You barely miss the orc priest. Your bite misses the orc priest.
The orc priest is moderately wounded.
The orc priest hits you but does no damage.
You barely miss the orc priest.
The orc priest is moderately wounded.
The orc priest hits you but does no damage.
You hit the orc priest.
The orc priest is severely wounded.
The orc priest invokes the aid of Beogh against you.
Something smites you!
You die...

.................
................. ...#
.................#...#
#..##............#...#
...##.###.#####+##...#
...#..........#.##...#
..##......###.#.##...#
.......######.#(##o..######
####.#..........@oo........
........#####.#.##o..####
####....#####.#.###).....#
..............#.# #..###.#
####...(####..#.# #..#
#....####..#.# #..#
#....##....#). ....
####....##.#.##.# ##.##
........##.#.# ..


You could see 2 orc priests and 2 orcs.

Vanquished Creatures
  Sigmund (D:2)
  A phantom (D:3)
  An orc priest (D:3)
  2 adders (D:2)
  2 worms (D:2)
  A giant gecko (D:3)
  5 orcs (D:3)
  6 goblins
  6 hobgoblins
  3 jackals (D:2)
  A ball python (D:2)
  5 bats
  4 giant cockroaches
  4 giant newts
  6 kobolds
  4 rats
52 creatures vanquished.

Notes
Turn   | Place    | Note
--------------------------------------------------------------
     0 | D:1      | gorblad the Vampire Assassin began the quest for the Orb.
     0 | D:1      | Reached XP level 1. HP: 16/16 MP: 1/1
    97 | D:1      | Reached skill level 6 in Stealth
   283 | D:1      | Reached XP level 2. HP: 22/22 MP: 2/2
   808 | D:2      | Noticed Sigmund
   826 | D:2      | Killed Sigmund
   826 | D:2      | Reached skill level 9 in Stealth
   826 | D:2      | Reached XP level 3. HP: 25/27 MP: 3/3
   826 | D:2      | Reached XP level 4. HP: 30/33 MP: 4/4
   826 | D:2      | Reached XP level 5. HP: 34/38 MP: 5/5
  1590 | D:3      | Noticed a phantom
  1901 | D:3      | Killed a phantom
  1901 | D:3      | Reached skill level 1 in Armour
  1901 | D:3      | Reached XP level 6. HP: 27/44 MP: 6/6
  2317 | D:3      | Gained mutation: You can spit weak poison. [potion of mutation]
  2317 | D:3      | Gained mutation: You are robust (+10% HP). [potion of mutation]
  2317 | D:3      | Gained mutation: You are clumsy. (Dex -2) [potion of mutation]
  2329 | D:3      | Killed from afar by an orc priest

Vault maps used:
D:1:      wheals_arrival_shading, corexii_item_surrounded_by_moat
D:2:      first_bread, minmay_misc_feat_secret_circle, uniq_sigmund
D:3:      old_standard_altar

Action                   |  1- 3 |  4- 6 || total
-------------------------+-------+-------++-------
Melee: Dagger            |    46 |   186 ||   232
  Use: Potion            |       |    17 ||    17
 Stab: Sleeping          |    12 |    12 ||    24
